 Dungeon Crawl Stone Soup version 0.28-a0-697-g47f3eba078 (webtiles) character file.

Game seed: 169717923218774249

2394 ytrimaz the Thaumaturge (level 9, 0/57 HPs)
             Began as a Merfolk Summoner on Oct 23, 2021.
             Was an Initiate of Kikubaaqudgha.
             Shot with a sling bullet by Joseph (12 damage)
             ... on level 7 of the Dungeon.
             The game lasted 00:26:16 (11050 turns).

ytrimaz the Thaumaturge (Merfolk Summoner)         Turns: 11050, Time: 00:26:17

Health: 0/57       AC:  4    Str:  9    XL:     9   Next: 46%
Magic:  5/21       EV: 12    Int: 19    God:    Kikubaaqudgha [......]
Gold:   164        SH:  5    Dex: 14    Spells: 15/24 levels left

rFire   . . .      SeeInvis +   p - staff of death
rCold   + . .      Faith    .   (no shield)
rNeg    + . .      Spirit   .   q - +2 steam dragon scales
rPois   .          Reflect  +   e - +0 helmet "Naowoory" {rC+ rCorr Int-4 Stlth+}
rElec   .          Harm     .   (no cloak)
rCorr   +          Rampage  .   (no gloves)
Will    .....                   (no boots)
Stlth   +++.......              d - amulet of reflection
HPRegen 0.19/turn               l - +6 ring of intelligence
MPRegen 0.17/turn               n - ring of see invisible

@: corroded
A: (nimble swimmer 2), mertail
a: Renounce Religion


You were on level 7 of the Dungeon.
You worshipped Kikubaaqudgha.
Kikubaaqudgha was noncommittal.
You visited 2 branches of the dungeon, and saw 8 of its levels.

You collected 348 gold pieces.
You spent 184 gold pieces at shops.

Inventory:

Hand Weapons
 a - a +0 scimitar of pain
 g - a +4 dagger of venom
 j - the +6 mace of the Vanishing Invaders {elec, Str+3}
   (You bought it in a shop on level 3 of the Dungeon)

   It occasionally discharges a powerful burst of electricity upon striking a
   foe.
   Str:       It affects your strength (+3).
Armour
 e - the +0 helmet "Naowoory" (worn) {rC+ rCorr Int-4 Stlth+}
   (You found it on level 4 of the Dungeon)

   Int:       It affects your intelligence (-4).
   rC:        It protects you from cold.
   rCorr:     It protects you from acid and corrosion.
   Stlth:     It makes you more stealthy.
 q - +2 steam dragon scales (worn)
Magical Staves
 p - a staff of death (weapon)
Jewellery
 d - an amulet of reflection (around neck)
 l - a +6 ring of intelligence (left hand)
 n - a ring of see invisible (right hand)
 t - a ring of positive energy
Wands
 c - a wand of acid (8)
 f - a wand of iceblast (8)
Scrolls
 h - a scroll of amnesia
 s - a scroll of identify
 u - a scroll of noise {unknown}
Potions
 b - 2 potions of mutation
 i - a potion of lignification
 k - a potion of haste
 m - 4 potions of curing
 o - a potion of attraction
 r - a potion of heal wounds


   Skills:
 - Level 6.5 Short Blades
 * Level 1.1 Staves
 - Level 2.6 Dodging
 - Level 2.1 Stealth
 - Level 0.8 Shields
 + Level 8.3 Spellcasting
 - Level 7.0 Summonings
 * Level 2.1 Necromancy


You had 15 spell levels left.
You knew the following spells:

 Your Spells              Type           Power      Damage    Failure   Level
a - Summon Small Mammal   Summ           100%       N/A       1%          1
b - Call Canine Familiar  Summ           34%        N/A       1%          3
c - Pain                  Necr           96%        1d8       3%          1
d - Animate Dead          Necr           12%        N/A       34%         4

Your spell library contained the following spells:

 Spells                   Type           Power      Damage    Failure   Level
 Call Imp                 Summ           34%        N/A       1%          2
 Summon Guardian Golem    Hex/Summ       21%        N/A       6%          3
 Magic Dart               Conj           28%        1d4       9%          1
 Searing Ray              Conj           14%        2d5       13%         2
 Summon Lightning Spire   Summ/Air       21%        N/A       21%         4
 Fulminant Prism          Conj/Hex       3%         3d6       65%         4
 Agony                    Necr           24%        N/A       69%         5
 Excruciating Wounds      Necr           12%        N/A       69%         5
 Borgnjor's Vile Clutch   Necr/Erth      9%         N/A       83%         5
 Fireball                 Conj/Fire      3%         3d4       94%         5
 Death Channel            Necr           12%        N/A       99%         6
 Starburst                Conj/Fire      3%         6d3       100%        6
 Ignition                 Fire           3%         3d4       100%        8


Dungeon Overview and Level Annotations

Branches:
Dungeon (7/15)             Temple (1/1) D:4

Altars:
Ashenzari
Cheibriados
Dithmenos
Elyvilon
Gozag
Hepliaklqana
Kikubaaqudgha
Makhleb
Nemelex Xobeh
Okawaru
Qazlal
Ru
Sif Muna
Trog
Uskayaw
Vehumet
Wu Jian
Xom
Yredelemnul
Zin
The Shining One

Shops:
D:3 (   D:7 =

Annotations:
D:5 1 runed translucent door, tatocazan's ghost, novice DsFi
D:7 Joseph


Innate Abilities, Weirdness & Mutations

((You are quick and stealthy near water. (Stealth+, EV+, Speed+++)))
Your lower body shifts to a powerful aquatic tail in water.


Message History

You feel a surge of power!
Joseph writhes in agony.
Your hound bites Joseph but does no damage. x2
You feel a surge of power!
Joseph writhes in agony.
Joseph unwields a +0 hunting sling.
Joseph wields a +0 quarterstaff.
Joseph hits you with a +0 quarterstaff!
Your hound bites Joseph.
You feel a surge of power!
Joseph struggles to resist.
Your hound bites Joseph but does no damage.
You block Joseph's attack.
Your hound bites Joseph.
You feel a surge of power!
You miscast Pain.
You are very lightly contaminated with residual magic.
Nothing appears to happen.
Your hound bites Joseph.
You block Joseph's attack.
You feel a surge of power!
Joseph struggles to resist.
Your hound bites Joseph but does no damage.
Joseph zaps a wand.
The bolt of acid hits your hound!!
Your hound dies!
Your hound's corpse disappears in a puff of smoke!
Joseph shouts!
You feel a surge of power!
Joseph writhes in agony.
Joseph misses you.
You feel a surge of power!
Joseph struggles to resist.
Joseph zaps a wand.
The bolt of acid hits you! You resist. The acid corrodes you!
You are too injured to fight recklessly!
Unknown command.
Casting: Pain (safe; 3% risk of failure)
Confirm with . or Enter, or press ? or * to list all spells.
Joseph hits you with a +0 quarterstaff!
* * * LOW HITPOINT WARNING * * *
Unknown command.
Joseph unwields a +0 quarterstaff.
Joseph wields a +0 hunting sling.
Joseph shoots a sling bullet.
The sling bullet closely misses you.
Your wolf bites Joseph.
Your magical contamination has completely faded away.
Your wolf bites Joseph but does no damage.
Joseph shoots a sling bullet.
The sling bullet barely misses you.
Joseph shoots a sling bullet.
The sling bullet hits your wolf!
There is an open door here.
There's a creature in the doorway!
Your wolf closely misses Joseph.
Joseph shoots a sling bullet.
The sling bullet misses your wolf. The sling bullet hits you!
You die...
Kikubaaqudgha rasps: "You have failed me!
Welcome... death!"

.########..##....##..!.##...
...........########.........
...........# #.......
#####..##..# #....# #..##..#
#.h..## #......########.....#
#......##....##@....#
#.###..##....'h....##
###'#######...@#.....#######
#..............#...........#
#.........[....#...........#
#..............#...........#
##..#############..........#
####..##...##....##..........#
.................##..######..#
...)).....>......##..# ###
.....)...............#


You could see Joseph (ally target) and a friendly wolf (summoned).

Vanquished Creatures
  2 yaks (D:5)
  Eustachio (D:3)
  Duvessa (D:4)
  A sky beast (D:7)
  An ogre (D:4)
  A centaur (D:6)
  A bullfrog (D:6)
  A scorpion (D:5)
  Dowan (D:4)
  A howler monkey (D:6)
  A bullfrog zombie (D:6)
  A jelly (D:5)
  A hound (D:5)
  A gnoll shaman (D:7)
  An iguana (D:5)
  An orc wizard (D:4)
  A killer bee zombie (D:4)
  A hound skeleton (D:5)
  A mummy (D:4)
  3 gnolls (D:7)
  2 adders
  2 howler monkey skeletons
  An ufetubus (D:4)
  2 worms (D:3)
  A dart slug (D:4)
  9 orcs
  A ball python (D:1)
  An endoplasm (D:1)
  2 giant cockroaches
  5 goblins
  A hobgoblin (D:4)
  4 jackals (D:4)
  2 kobolds (D:4)
  3 quokkas
  A frilled lizard (D:2)
  A goblin zombie (D:4)
  A kobold zombie (D:4)
  3 rats
65 creatures vanquished.

Vanquished Creatures (collateral kills)
  Maggie (D:6)
  A yak (D:4)
  Edmund (D:5)
  A water moccasin (D:5)
  A centaur (D:7)
  2 bullfrogs
  A jelly (D:5)
  2 iguanas
  An orc wizard (D:4)
  A killer bee zombie (D:6)
  Robin (D:3)
  A gnoll (D:7)
  An adder (D:3)
  An adder zombie (D:5)
  2 dart slugs
  3 orcs
  6 bats
  6 endoplasms
  A giant cockroach (D:2)
  7 hobgoblins
  A kobold (D:3)
  3 quokkas
  A ball python (D:1)
  A frilled lizard (D:1)
  8 goblins
  2 rats (D:2)
57 creatures vanquished.

Vanquished Creatures (others)
  A plant (D:3)
1 creature vanquished.

Grand Total: 123 creatures vanquished

Notes
Turn   | Place    | Note
-------+----------+-------------------------------------------
     0 | D:1      | ytrimaz the Merfolk Summoner began the quest for the Orb.
     0 | D:1      | Reached XP level 1. HP: 13/13 MP: 3/3
   775 | D:1      | Reached XP level 2. HP: 19/19 MP: 1/5
  1903 | D:2      | Reached XP level 3. HP: 17/24 MP: 2/6
  2004 | D:2      | Learned a level 3 spell: Call Canine Familiar
  2764 | D:2      | Learned a level 1 spell: Pain
  3097 | D:3      | Reached XP level 4. HP: 29/30 MP: 2/8
  3129 | D:3      | Reached skill level 3 in Spellcasting
  3296 | D:3      | Found Geasteg's Antique Weapon Emporium.
  3323 | D:3      | Noticed Robin
  3336 | D:3      | Reached skill level 5 in Summonings
  3831 | D:3      | Found a faded altar of an unknown god.
  4117 | D:3      | Killed Robin
  4118 | D:3      | Reached XP level 5. HP: 31/35 MP: 4/9
  4408 | D:4      | Reached skill level 1 in Short Blades
  4642 | D:4      | Noticed an ogre
  4659 | D:4      | Killed an ogre
  4660 | D:4      | Reached skill level 4 in Spellcasting
  4660 | D:4      | Reached XP level 6. HP: 26/41 MP: 2/12
  4827 | D:4      | Noticed Eustachio
  5071 | D:4      | Noticed Duvessa
  5078 | D:4      | Noticed Dowan
  5194 | D:4      | Identified the +0 helmet "Naowoory" {rC+ rCorr Int-4
                  | Stlth+}
  5269 | D:4      | Found a staircase to the Ecumenical Temple.
  5297 | D:4      | Killed Duvessa
  5746 | D:4      | Killed Dowan
  5747 | D:4      | Reached XP level 7. HP: 41/46 MP: 12/14
  5784 | D:3      | Killed Eustachio
  5785 | D:3      | Reached skill level 5 in Spellcasting
  6502 | D:5      | Entered Level 5 of the Dungeon
  6555 | D:3      | Bought a polished mace for 184 gold pieces
  6555 | D:3      | Identified the +6 mace of the Vanishing Invaders {elec,
                  | Str+3} (You bought it in a shop on level 3 of the Dungeon)
  6592 | Temple   | Entered the Ecumenical Temple
  6756 | Temple   | Became a worshipper of Kikubaaqudgha
  6850 | D:5      | Noticed a yak
  6851 | D:5      | Noticed a yak
  6861 | D:5      | Noticed a yak
  7049 | D:5      | Learned a level 4 spell: Animate Dead
  7373 | D:4      | Killed a yak
  7374 | D:4      | Reached XP level 8. HP: 21/52 MP: 6/16
  7720 | D:5      | Killed a yak
  7738 | D:5      | Killed a yak
  7739 | D:5      | Reached skill level 6 in Spellcasting
  7830 | D:5      | Reached skill level 5 in Short Blades
  7945 | D:5      | Noticed Edmund
  7997 | D:5      | Killed Edmund
  8331 | D:5      | Found a runed translucent door.
  8331 | D:5      | Noticed tatocazan's ghost (novice DsFi)
  8547 | D:5      | Reached skill level 7 in Spellcasting
  8912 | D:6      | Noticed Maggie
  8935 | D:6      | Killed Maggie
  8936 | D:6      | Reached XP level 9. HP: 25/57 MP: 13/20
  9571 | D:6      | Reached skill level 8 in Spellcasting
  9571 | D:6      | Reached skill level 1 in Necromancy
  9927 | D:7      | Found Mema's Jewellery Emporium.
 10196 | D:7      | Reached skill level 1 in Staves
 11025 | D:7      | Noticed Joseph
 11050 | D:7      | Shot with a sling bullet by Joseph

Illustrated notes

Levels and vault maps discovered:
D:1:      dpeg_arrival_windows_large_door, layout_basic, moated_statue
D:2:      layout_loops_ring, kennysheep_doodads
D:3:      layout_basic, serial_shops, nicolae_shop_overgrown_old_shop,
          ebering_ecumenical_altar_mist, uniq_robin
D:4:      layout_loops_cross, minmay_temple_entry_drinking_statues,
          nicolae_ossuary_entry_giza, uniq_eustachio, uniq_duvessa
D:5:      layout_basic, hellmonk_ghost_happy_afterlife, kennysheep_potato,
          uniq_edmund
D:6:      layout_rooms, uniq_maggie
D:7:      gammafunk_cloud_chamber, layout_gridville, serial_shops,
          nicolae_shop_waterfront, uniq_joseph
Temple:   compressed_dpeg_circular_temple

Skill      XL: |  1  2  3  4  5  6  7  8  9 |
---------------+----------------------------+-----
Spellcasting   | 3 4 5 7 8 |  8.3
Summonings     | 5 6 7 |  7.0
Short Blades   | 1 2 3 6 |  6.5
Necromancy     | 2 |  2.1
Staves         | 1 |  1.1
Dodging        | |  2.6
Stealth        | |  2.1
Shields        | |  0.8

Action                   |  1- 3 |  4- 6 |  7- 9 || total
-------------------------+-------+-------+-------++-------
Melee: Unarmed           |    76 |       |       ||    76
       Dagger            |       |    71 |   135 ||   206
       Staff             |       |       |    12 ||    12
 Cast: Summon Small Mamm |    59 |    19 |    18 ||    96
       Call Canine Famil |     8 |    18 |    38 ||    64
       Pain              |     1 |     3 |    51 ||    55
  Use: Scroll            |     1 |     5 |    10 ||    16
       Potion            |       |     1 |       ||     1
 Stab: Sleeping          |     1 |     2 |     1 ||     4
       Distracted        |       |     2 |     3 ||     5
Armor: Robe              |    23 |    13 |       ||    36
       Steam dragon scal |       |       |    51 ||    51
Dodge: Dodged            |    77 |    55 |   114 ||   246
Block: Other             |       |     7 |    44 ||    51
       Reflection        |       |       |     3 ||     3

Table legend: (Time is in decaauts)
 A = Elapsed time spent in this place.
 B = Non-inter-level travel time spent in this place.
 C = Inter-level travel time spent in this place.
 D = Time resting spent in this place.
 E = Time spent auto-exploring this place.
 F = Levels seen in this place.
 G = Mean time per level.
                   A        B        C        D        E       F      G
               +--------+--------+--------+--------+--------+-----+--------+
         Total |  11014 |  10556 |    458 |   2904 |   5333 |   8 | 1376.8 |
       Dungeon |  10828 |  10391 |    437 |   2904 |   5262 |   7 | 1546.9 |
        Temple |    186 |    165 |     21 |      0 |     71 |   1 |  186.0 |
               +--------+--------+--------+--------+--------+-----+--------+

Top non-repeatable levels by time:
     D:3: 2036 daAuts
     D:4: 2014 daAuts
     D:1: 1682 daAuts
     D:5: 1543 daAuts
     D:2: 1345 daAuts
     D:7: 1115 daAuts
     D:6: 1089 daAuts
  Temple: 186 daAuts
